 Dungeon Crawl Stone Soup version 0.18.1-50-g88ac8fd (webtiles) character file.

62 Hawkwind the Shield-Bearer (level 4, -8/28 HPs)
             Began as a Gargoyle Fighter on Dec 3, 2019.
             Mangled by an ogre
             ... wielding a +0 giant club
              (27 damage)
             ... on level 6 of the Dungeon.
             The game lasted 00:03:11 (1068 turns).

Hawkwind the Shield-Bearer (Gargoyle Fighter)       Turns: 1068, Time: 00:03:11

Health: -8/28      AC: 10    Str: 20    XL:     4   Next: 8%
Magic:  4/4        EV:  7    Int:  9    God:
Gold:   57         SH:  9    Dex:  9    Spells: 0 memorised, 3 levels left

rFire  . . .     SeeInvis .     a - +0 trident
rCold  . . .     Gourm    .     b - +0 scale mail
rNeg   + + .     Faith    .     c - +0 shield
rPois  ∞         Spirit   .     (no helmet)
rElec  +         Dismiss  .     (no cloak)
rCorr  .         Reflect  .     (no gloves)
SustAt .         Harm     .     (no boots)
MR     .....                    (no amulet)
Stlth  ..........               (no ring)
                                l - ring of positive energy

@: not resistant to hostile enchantments, extremely unstealthy
A: negative energy resistance 1, electricity resistance, unbreathing,
petrification resistance, rot immunity, AC +3
a: no special abilities


You were on level 6 of the Dungeon.
You were hungry.

You visited 1 branch of the dungeon, and saw 6 of its levels.

You collected 57 gold pieces.

Inventory:

Hand Weapons
 a - a +0 trident (weapon)
Armour
 b - a +0 scale mail (worn)
 c - a +0 shield (worn)
Jewellery
 l - a ring of positive energy (left hand)
Scrolls
 e - 2 scrolls of remove curse {unknown}
 i - a scroll of identify {unknown}
 k - a scroll of enchant weapon {unknown}
Potions
 d - 2 potions of might
 j - a potion of berserk rage {unknown}
 m - a potion of magic {unknown}
Comestibles
 f - a bread ration
 g - a meat ration
 h - a royal jelly


   Skills:
 + Level 3.6 Fighting
 + Level 2.0 Polearms
 + Level 3.8 Armour
 + Level 1.0 Dodging
 + Level 4.1 Shields


You had 3 spell levels left.
You didn't know any spells.

Dungeon Overview and Level Annotations

Branches:
Dungeon (6/15)
 Temple: D:4-7

Altars:


Innate Abilities, Weirdness & Mutations

You are resistant to torment.
Your stone body is resilient (AC +3).
You are immune to poison.
You resist negative energy.
You are resistant to electric shocks.
You can survive without breathing.
You are immune to petrification.
You are immune to rotting.


Message History

The giant gecko bites you but does no damage.
The giant gecko closely misses you. The giant gecko barely misses you.
The giant gecko bites you but does no damage.
You block the giant gecko's attack.
You are feeling hungry.
The giant gecko bites you. You block the giant gecko's attack.
The giant gecko closely misses you. You block the giant gecko's attack.
The giant gecko bites you but does no damage.
The giant gecko bites you but does no damage.
The worker ant waves its antennae.
The ogre hits you with a giant club! The giant gecko bites you.
You hit the ogre.
The ogre is lightly wounded.
The giant gecko bites you but does no damage.
The ogre hits you with a giant club!!
Ouch! That really hurt!
You die...

#.......#.# #o#
########.......#.#
#.#
.......'.......#.#
#o#
########......[#a#
#.# ...<#
#.......#o# #a#
##### #.......#.#
#.#.# ..#
#...O...#o# #.#.#
#.# ##+####a#l#
#.#.# #.# #.#
#.#@# #.#.# #.#
#.# #o#O# ###
#.#.# #.# #.#
#.#.# ...#.#.# #.#
#####.####a#..
..#.#.#.# #.#
#.......o..###
#.#.....# #.#
#.###.#########
#.###.### #.#
#..O........# #.#
#.# #.#
#.#.#######.# #.#
#.# #.# #.#.#
#.#####.# #o#


You could see an ogre, a worker ant, 2 orcs and a giant gecko.

Vanquished Creatures
  A centaur skeleton (D:4)
  A worker ant (D:4)
  An adder skeleton (D:4)
  A giant cockroach (D:1)
  4 hobgoblins (D:1)
  A quokka (D:4)
9 creatures vanquished.

Notes
Turn   | Place    | Note
--------------------------------------------------------------
     0 | D:1      | Hawkwind the Gargoyle Fighter began the quest for the Orb.
     0 | D:1      | Reached XP level 1. HP: 14/14 MP: 1/1
   174 | D:1      | Reached XP level 2. HP: 19/19 MP: 2/2
   290 | D:4      | Reached XP level 3. HP: 4/23 MP: 3/3
   571 | D:4      | Reached skill level 1 in Dodging
   571 | D:4      | Reached skill level 4 in Shields
   571 | D:4      | Reached XP level 4. HP: 16/28 MP: 4/4
   726 | D:4      | Noticed an ogre
   745 | D:5      | Entered Level 5 of the Dungeon
   887 | D:6      | Noticed an ogre
  1068 | D:6      | Mangled by an ogre

Skill      XL: |  1  2  3 |
---------------+----------+-----
Polearms       | 2 |  2.0
Dodging        | 1 |  1.0
Shields        | 4 |  4.1
Fighting       | |  3.6
Armour         | |  3.8

Action                   |  1- 3 |  4- 6 || total
-------------------------+-------+-------++-------
Melee: Trident           |    69 |     5 ||    74
Armor: Scale mail        |    22 |     9 ||    31
Dodge: Dodged            |    16 |     7 ||    23
Block: Shield            |    35 |    11 ||    46
